 Dungeon Crawl Stone Soup version 0.30-a0-167-g62a5988fa7 (webtiles) character file.

Game seed: 1649900622186748652

11647 qw the Cleaver (level 11, -2/71 HPs)
             Began as a Gargoyle Fighter on Sept 29, 2022.
             Was an Elder of Okawaru.
             Killed from afar by an oklob plant (21 damage)
             ... with a splash of acid
             ... on level 1 of the Lair of Beasts.
             The game lasted 00:05:05 (11458 turns).

qw the Cleaver (Gargoyle Fighter)                  Turns: 11458, Time: 00:05:06

Health: -2/71      AC: 26    Str: 25    XL:     11   Next: 81%
Magic:  12/14      EV: 11    Int: 14    God:    Okawaru [****..]
Gold:   224        SH: 12    Dex: 15    Spells: 10/10 levels left

rFire   x . .      SeeInvis +    Y - +1 war axe (vorpal)
rCold   + . .      Faith    .    c - +0 buckler
rNeg    + . .      Spirit   .    n - +0 plate armour
rPois   inf        Reflect  +    b - +0 helmet
rElec   +          Harm     .    r - +0 cloak
rCorr   .          Rampage  .    f - +0 pair of gloves
Will    .....                    q - +0 pair of boots
Stlth   ..........               o - amulet of reflection
HPRegen 0.21/turn                x - ring of see invisible
MPRegen 0.14/turn                h - ring "Jofieppif" {rElec rF- rC+ Int+6 Dex+6}

@: heroic, corroded, very slow
A: sickness immunity, AC +8, negative energy resistance 1, electricity
resistance, torment resistance 1, petrification resistance, hooves 1, iridescent
scales 2, MP-powered wands
a: Renounce Religion, Heroism, Finesse


You were on level 1 of the Lair of Beasts.
You worshipped Okawaru.
Okawaru was greatly pleased with you.
You visited 3 branches of the dungeon, and saw 11 of its levels.
You also visited: Ossuary.

You collected 484 gold pieces.
You spent 260 gold pieces at shops.


Innate Abilities, Weirdness & Mutations

You are immune to sickness and miasma.
Your stone body is resilient. (AC +8)
You are immune to poison.
You resist negative energy. (rN+)
You are resistant to electric shocks. (rElec)
You are resistant to unholy torment.
You are immune to petrification.
You have large cloven feet.
You are mostly covered in iridescent scales. (AC +4)
You expend magic power (3 MP) to strengthen your wands.


   Skills:
 - Level 9.0(14.0) Fighting
 - Level 12.0(17.0) Axes
 - Level 1.5(6.5) Throwing
 - Level 9.1(14.1) Armour
 - Level 3.0(8.0) Dodging
 + Level 5.9(10.9) Shields
 + Level 4.6 Invocations


You had 10 spell levels left.
You didn't know any spells.
Your spell library was empty.

Inventory:

Hand Weapons
 w - a +0 morningstar
 Y - a +1 vorpal war axe (weapon)
Missiles
 l - a boomerang (quivered)
Armour
 b - a +0 helmet (worn)
 c - a +0 buckler (worn)
 f - a +0 pair of gloves (worn)
 n - a +0 plate armour (worn)
 q - a +0 pair of boots (worn)
 r - a +0 cloak (worn)
Jewellery
 h - the ring "Jofieppif" (right hand) {rElec rF- rC+ Int+6 Dex+6}
   (You acquired it on level 3 of the Dungeon)

   [ring of intelligence]

   Int:       It affects your intelligence (+6).
   Dex:       It affects your dexterity (+6).
   rF:        It makes you vulnerable to fire.
   rC:        It protects you from cold.
   rElec:     It insulates you from electricity.
 m - a ring of resist corrosion
 o - an amulet of reflection (around neck)
 p - a ring of positive energy
 x - a ring of see invisible (left hand)
 y - a ring of positive energy
Scrolls
 e - 7 scrolls of identify
 i - 2 scrolls of teleportation
Potions
 a - 6 potions of haste
 d - 5 potions of might
 g - 6 potions of curing
 j - 2 potions of cancellation
 s - 4 potions of heal wounds
 t - a potion of attraction
 u - 3 potions of mutation
 v - a potion of resistance

Dungeon Overview and Level Annotations

Branches:
Dungeon (9/15)             Temple (1/1) D:7            Lair (1/5) D:9
Ossuary (visited)
    Orc: D:9-12

Altars:
Ashenzari
Cheibriados
Dithmenos
Elyvilon
Fedhas
Gozag
Hepliaklqana
Kikubaaqudgha
Makhleb
Nemelex Xobeh
Okawaru
Qazlal
Ru
Sif Muna
Trog
Uskayaw
Vehumet
Wu Jian
Xom
Yredelemnul
Zin
The Shining One

Shops:
D:6 =   D:7 *

Annotations:
D:4 1 runed translucent door, Crazy Yiuf


Message History

You block the water moccasin's attack.
You slash the water moccasin!
The water moccasin is almost dead.
The water moccasin bites you but does no damage.
The water moccasin barely misses you.
You hit the water moccasin.
You kill the water moccasin!
Okawaru accepts your kill.
Found a stone staircase leading down.
Enter note: As you open the door, it creaks loudly!
An oklob plant comes into view.
The oklob plant spits acid at you. The splash of acid hits you!
The acid corrodes you!
11452 ||| INVOKING Heroism.
You gain the combat prowess of a mighty hero. 4 oklob plants come into view.
The oklob plant spits acid at you.
The splash of acid hits you but does no damage.
The oklob plant spits acid at you. The splash of acid hits you.
The oklob plant spits acid at you. The splash of acid hits you!
The acid corrodes you!
There is an open door here.
Found a glowing moonstone ring, a short sword and 24 gold pieces.
The oklob plant spits acid at you. The splash of acid hits you!
The oklob plant spits acid at you. The splash of acid hits you.
The oklob plant spits acid at you.
The splash of acid hits you but does no damage.
The oklob plant spits acid at you.
The splash of acid hits you but does no damage.
You enter the shallow water.
Moving in this stuff is going to be slow.
You hit the oklob plant but do no damage.
You hit the oklob plant. You hit the plant.
The plant begins to die.
The oklob plant spits acid at you. The splash of acid hits you!!
You die...

#### ......PP..### #=)$#
............#######...#####
.............##P~~.....~~P#
)............P#P~.......~P#
..............#P@.......~P#
..............#P~.......~P#
..............#P~.......~P# .
..............#P~~.....~~P# ..
.....#..#.....######'######...
##########.........#...#.....#
##........##.........
##.%.....###........
#.........#........#


You could see 3 oklob plants.

Vanquished Creatures
  2 two-headed ogres (D:9)
  An ugly thing (D:9)
  2 cane toads (Lair:1)
  Maggie (D:6)
  A komodo dragon (Lair:1)
  5 blink frogs (Lair:1)
  A troll (D:9)
  Grinder (D:5)
  Sigmund (D:2)
  2 wyverns
  A shadow (D:8)
  2 yaks (D:9)
  2 steam dragons
  Menkaure (D:4)
  4 water moccasins
  Duvessa (D:5)
  2 sky beasts
  2 orc warriors (D:9)
  2 black bears
  An ice beast (D:6)
  An ogre (D:6)
  3 wolves (D:9)
  7 centaurs
  3 phantoms (D:6)
  4 kobold brigands
  15 scorpions
  8 bullfrogs
  2 necrophages
  9 wights
  Dowan (D:5)
  7 killer bees
  2 electric eels
  3 howler monkeys
  A centaur zombie (Ossuary)
  3 human zombies (Ossuary)
  9 hounds
  A jelly (D:8)
  6 orc priests
  3 gnoll boudas
  Ijyb (D:5)
  3 iguanas
  3 scorpion zombies (Ossuary)
  5 orc wizards
  4 mummies
  6 gnolls
  8 adders
  2 shadow imps (D:6)
  A white imp (D:6)
  4 worms
  4 dart slugs
  24 orcs
  14 ball pythons
  6 endoplasms
  4 giant cockroaches
  4 gnoll zombies (Ossuary)
  8 hobgoblins
  4 jackals (D:1)
  6 quokkas
  4 bats
  8 frilled lizards
  12 goblins
  2 goblin zombies (Ossuary)
  4 hobgoblin zombies
  17 kobolds
  3 kobold zombies
  3 orc zombies (Ossuary)
  4 rats
291 creatures vanquished.

Vanquished Creatures (others)
  17 plants
17 creatures vanquished.

Grand Total: 308 creatures vanquished

Notes
Turn   | Place    | Note
-------+----------+-------------------------------------------
     0 | D:1      | qw the Gargoyle Fighter began the quest for the Orb.
     0 | D:1      | Reached XP level 1. HP: 14/14 MP: 1/1
     0 | D:1      | 0 ||| qw: Version: 0.2-a-12-gaebbb33
     0 | D:1      | 0 ||| qw: Game counter: 1075
     0 | D:1      | 0 ||| qw: Always use a shield: true
     0 | D:1      | 0 ||| qw: God list: Okawaru
     0 | D:1      | 0 ||| qw: Allow faded altars: false
     0 | D:1      | 0 ||| qw: Do Orc after D:15 true
     0 | D:1      | 0 ||| qw: Do second Lair branch before Depths: true
     0 | D:1      | 0 ||| qw: Lair rune preference: random
     0 | D:1      | 0 ||| qw: Plans: Normal, Zot:1-4, God:TSO, Crypt, Tomb,
                  | Pan, Slime:5, Hells, Abyss, Orb
     0 | D:1      | 0 ||| PLANNING D:1-11
   119 | D:1      | Reached skill level 2 in Axes
   173 | D:1      | 173 ||| Stepping ~*~*~tactically~*~*~ (stealth).
   214 | D:1      | 214 ||| Stepping ~*~*~tactically~*~*~ (stealth).
   225 | D:1      | Reached XP level 2. HP: 16/19 MP: 2/2
   421 | D:1      | 421 ||| Stepping ~*~*~tactically~*~*~ (stealth).
   428 | D:1      | 428 ||| Stepping ~*~*~tactically~*~*~ (stealth).
   439 | D:1      | 439 ||| Stepping ~*~*~tactically~*~*~ (stealth).
   441 | D:1      | 441 ||| Stepping ~*~*~tactically~*~*~ (stealth).
   456 | D:1      | Reached skill level 3 in Axes
   583 | D:1      | Reached XP level 3. HP: 23/23 MP: 3/3
   808 | D:1      | Found a faded altar of an unknown god.
   921 | D:1      | 921 ||| UPGRADING to +0 pair of gloves.
   926 | D:1      | 926 ||| READING 2 scrolls labelled QIEJAROWKO.
   927 | D:1      | 927 ||| READING scroll labelled LEORUOMIUDGH.
   932 | D:1      | 932 ||| READING scroll labelled QUUBRIPSUW.
   933 | D:1      | 933 ||| READING scroll labelled REUHINOGEDGH.
   934 | D:1      | 934 ||| READING scroll labelled BUFOLA HASASCH.
   935 | D:1      | 935 ||| DROPPING scroll of blinking.
  1026 | D:2      | 1026 ||| FLEEEEING.
  1028 | D:2      | 1028 ||| FLEEEEING.
  1029 | D:2      | 1029 ||| FLEEEEING.
  1030 | D:2      | 1030 ||| FLEEEEING.
  1031 | D:2      | 1031 ||| FLEEEEING.
  1032 | D:2      | 1032 ||| FLEEEEING.
  1037 | D:2      | 1037 ||| FLEEEEING.
  1038 | D:2      | 1038 ||| FLEEEEING.
  1045 | D:2      | 1045 ||| FLEEEEING.
  1046 | D:2      | 1046 ||| FLEEEEING.
  1047 | D:2      | 1047 ||| STAIRDANCE
  1211 | D:2      | 1211 ||| Stepping ~*~*~tactically~*~*~ (stealth).
  1217 | D:2      | 1217 ||| Stepping ~*~*~tactically~*~*~ (stealth).
  1248 | D:2      | Reached XP level 4. HP: 28/28 MP: 4/4
  1402 | D:2      | 1402 ||| Stepping ~*~*~tactically~*~*~ (stealth).
  1409 | D:2      | Noticed Sigmund
  1418 | D:2      | Reached skill level 4 in Axes
  1429 | D:2      | Killed Sigmund
  1430 | D:2      | Reached skill level 5 in Axes
  1430 | D:2      | Reached XP level 5. HP: 12/32 MP: 5/5
  1430 | D:2      | Reached XP level 6. HP: 14/37 MP: 6/6
  1670 | D:2      | 1670 ||| Stepping ~*~*~tactically~*~*~ (stealth).
  1672 | D:2      | 1672 ||| Stepping ~*~*~tactically~*~*~ (stealth).
  1673 | D:2      | 1673 ||| Stepping ~*~*~tactically~*~*~ (stealth).
  1675 | D:2      | 1675 ||| Stepping ~*~*~tactically~*~*~ (stealth).
  1759 | D:2      | Identified the +8 whip of the End of Times {antimagic,
                  | Will+ Int+6}
  1761 | D:2      | 1761 ||| DROPPING +0 club.
  2027 | D:2      | 2027 ||| UPGRADING to +0 chain mail.
  2037 | D:2      | 2037 ||| DROPPING +0 scale mail.
  2038 | D:2      | 2038 ||| UPGRADING to ring of resist corrosion.
  2039 | D:2      | 2039 ||| READING scroll labelled IMUVAK GUNE.
  2040 | D:2      | 2040 ||| DRINKING 3 sapphire potions.
  2041 | D:2      | 2041 ||| DRINKING 3 clear potions.
  2042 | D:2      | 2042 ||| DRINKING 2 inky potions.
  2043 | D:2      | 2043 ||| DROPPING potion of degeneration.
  2262 | D:3      | Found an ornate altar of the Wu Jian Council.
  2603 | D:3      | 2603 ||| DROPPING +0 hand axe of electrocution.
  3163 | D:3      | 3163 ||| UPGRADING to +0 helmet.
  3168 | D:3      | 3168 ||| UPGRADING to +0 cloak.
  3173 | D:3      | 3173 ||| READING scroll labelled JUOCOBRAJAM.
  3174 | D:3      | 3174 ||| READING scroll labelled REDYAVV JALAME.
  3174 | D:3      | Identified a scroll of acquirement
  3174 | D:3      | 3174 ||| ACQUIRING ring "Jofieppif" {rElec rF- rC+ Int+6
                  | Dex+6}
  3174 | D:3      | Acquired the ring "Jofieppif" {rElec rF- rC+ Int+6 Dex+6}
  3176 | D:3      | 3176 ||| UPGRADING to ring "Jofieppif" {rElec rF- rC+ Int+6
                  | Dex+6}.
  3177 | D:3      | 3177 ||| READING scroll labelled RUTOAT RIREIWN.
  3209 | D:4      | 3209 ||| PLANNING OSSUARY
  3274 | D:4      | 3274 ||| Stepping ~*~*~tactically~*~*~ (stealth).
  3282 | D:4      | 3282 ||| Stepping ~*~*~tactically~*~*~ (stealth).
  3284 | D:4      | 3284 ||| Stepping ~*~*~tactically~*~*~ (hiding).
  3286 | D:4      | 3286 ||| Stepping ~*~*~tactically~*~*~ (stealth).
  3296 | D:4      | Reached skill level 1 in Dodging
  3310 | D:4      | Reached skill level 6 in Axes
  3310 | D:4      | Reached XP level 7. HP: 21/43 MP: 7/7
  3508 | D:4      | 3508 ||| Stepping ~*~*~tactically~*~*~ (hiding).
  3511 | D:4      | 3511 ||| Stepping ~*~*~tactically~*~*~ (hiding).
  3631 | D:4      | Found a sand-covered staircase.
  3638 | D:4      | 3638 ||| READING scroll labelled XIUCUA DILUMN.
  3639 | D:4      | 3639 ||| READING 2 scrolls of identify.
  3639 | D:4      | 3639 ||| IDENTIFYING metallic sapphire potion
  3643 | Ossuary  | Entered an ossuary
  3759 | Ossuary  | 3759 ||| Stepping ~*~*~tactically~*~*~ (stealth).
  3760 | Ossuary  | 3760 ||| Stepping ~*~*~tactically~*~*~ (stealth).
  3762 | Ossuary  | 3762 ||| Stepping ~*~*~tactically~*~*~ (stealth).
  3772 | Ossuary  | 3772 ||| Stepping ~*~*~tactically~*~*~ (stealth).
  3773 | Ossuary  | 3773 ||| Stepping ~*~*~tactically~*~*~ (stealth).
  3856 | Ossuary  | Reached skill level 7 in Axes
  4110 | Ossuary  | Reached XP level 8. HP: 49/49 MP: 8/8
  4231 | Ossuary  | Reached skill level 8 in Axes
  4368 | Ossuary  | 4368 ||| READING scroll labelled WAURCHUG XOKHLU.
  4369 | Ossuary  | 4369 ||| READING scroll labelled HOTOGE ZAMUMOO.
  4370 | Ossuary  | 4370 ||| READING scroll labelled SIURIA YTSET.
  4371 | Ossuary  | 4371 ||| DRINKING 2 coppery potions.
  4372 | Ossuary  | 4372 ||| DRINKING 2 smoky orange potions.
  4372 | Ossuary  | Gained mutation: You are partially covered in iridescent
                  | scales. (AC +2) [potion of mutation]
  4372 | Ossuary  | Gained mutation: You are mostly covered in iridescent
                  | scales. (AC +4) [potion of mutation]
  4372 | Ossuary  | Gained mutation: You have large cloven feet. [potion of
                  | mutation]
  4372 | Ossuary  | Gained mutation: You expend magic power (3 MP) to
                  | strengthen your wands. [potion of mutation]
  4373 | Ossuary  | 4373 ||| READING 3 scrolls of identify.
  4373 | Ossuary  | 4373 ||| IDENTIFYING green potion
  4374 | Ossuary  | 4374 ||| READING 2 scrolls of identify.
  4374 | Ossuary  | 4374 ||| IDENTIFYING cyan potion
  4375 | Ossuary  | 4375 ||| DROPPING potion of flight.
  4376 | Ossuary  | 4376 ||| DROPPING potion of ambrosia.
  4377 | Ossuary  | 4377 ||| DROPPING potion of brilliance.
  4413 | D:4      | 4413 ||| PLANNING D:1-11
  4483 | D:4      | Found a runed translucent door.
  4484 | D:4      | Noticed Crazy Yiuf
  4666 | D:4      | Reached skill level 6 in Fighting
  4854 | D:4      | 4854 ||| Stepping ~*~*~tactically~*~*~ (hiding).
  4855 | D:4      | 4855 ||| Stepping ~*~*~tactically~*~*~ (hiding).
  4856 | D:4      | 4856 ||| Stepping ~*~*~tactically~*~*~ (hiding).
  4857 | D:4      | 4857 ||| Stepping ~*~*~tactically~*~*~ (hiding).
  4858 | D:4      | 4858 ||| Stepping ~*~*~tactically~*~*~ (hiding).
  4886 | D:4      | 4886 ||| DRINKING 4 potions of curing.
  4886 | D:4      | 4886 ||| (to cure confusion)
  4925 | D:4      | 4925 ||| Stepping ~*~*~tactically~*~*~ (hiding).
  5112 | D:4      | Reached XP level 9. HP: 50/55 MP: 9/9
  5162 | D:4      | Noticed Menkaure
  5163 | D:4      | 5163 ||| Stepping ~*~*~tactically~*~*~ (hiding).
  5168 | D:4      | Killed Menkaure
  5169 | D:4      | Reached skill level 9 in Axes
  5388 | D:4      | 5388 ||| READING 2 scrolls of identify.
  5388 | D:4      | 5388 ||| IDENTIFYING yellow potion
  5389 | D:4      | 5389 ||| DROPPING potion of invisibility.
  5463 | D:5      | Entered Level 5 of the Dungeon
  5472 | D:5      | Noticed Ijyb
  5477 | D:5      | Killed Ijyb
  5512 | D:5      | Noticed Duvessa
  5512 | D:5      | Noticed Dowan
  5518 | D:5      | Killed Dowan
  5526 | D:5      | Killed Duvessa
  5704 | D:5      | Noticed Grinder
  5714 | D:5      | Killed Grinder
  6009 | D:5      | Found an opulent altar of Gozag.
  6206 | D:5      | 6206 ||| READING scroll labelled QANGIN MIW.
  6307 | D:5      | 6307 ||| DRINKING 2 red potions.
  6339 | D:6      | 6339 ||| STAIRDANCE
  6358 | D:6      | 6358 ||| Stepping ~*~*~tactically~*~*~ (stealth).
  6360 | D:6      | 6360 ||| Stepping ~*~*~tactically~*~*~ (stealth).
  6362 | D:6      | 6362 ||| Stepping ~*~*~tactically~*~*~ (stealth).
  6364 | D:6      | 6364 ||| Stepping ~*~*~tactically~*~*~ (stealth).
  6436 | D:6      | 6436 ||| Stepping ~*~*~tactically~*~*~ (hiding).
  6551 | D:6      | 6551 ||| Stepping ~*~*~tactically~*~*~ (stealth).
  6605 | D:6      | Reached skill level 1 in Throwing
  6730 | D:6      | 6730 ||| FLEEEEING.
  6731 | D:6      | 6731 ||| FLEEEEING.
  6732 | D:6      | 6732 ||| STAIRDANCE
  6774 | D:5      | 6774 ||| READING scroll labelled WIGEMI DIEVO.
  6785 | D:6      | 6785 ||| DRINKING 4 potions of curing.
  6785 | D:6      | 6785 ||| (to cure confusion)
  7006 | D:6      | 7006 ||| Stepping ~*~*~tactically~*~*~ (hiding).
  7058 | D:6      | Noticed Maggie
  7075 | D:6      | Killed Maggie
  7076 | D:6      | Reached skill level 10 in Axes
  7076 | D:6      | Reached XP level 10. HP: 24/63 MP: 10/10
  7420 | D:6      | Reached skill level 6 in Armour
  7633 | D:6      | 7633 ||| Stepping ~*~*~tactically~*~*~ (stealth).
  7634 | D:6      | 7634 ||| Stepping ~*~*~tactically~*~*~ (stealth).
  7739 | D:6      | Found a hide-covered altar of Uskayaw.
  7739 | D:6      | Found a shadowy altar of Dithmenos.
  7846 | D:6      | Found Ruguha's Jewellery Emporium.
  7854 | D:6      | 7854 ||| SHOPLISTING +4 ring of evasion (468 gold, have
                  | 270).
  7854 | D:6      | 7854 ||| SHOPLISTING ring of ice (325 gold, have 270).
  7854 | D:6      | 7854 ||| BUYING ring of positive energy (260 gold).
  7854 | D:6      | Bought a ring of positive energy for 260 gold pieces
  7854 | D:6      | 7854 ||| SHOPLISTING ring of protection from cold (325
                  | gold, have 10).
  7980 | D:6      | 7980 ||| UPGRADING to amulet of reflection.
  7985 | D:6      | 7985 ||| READING scroll labelled XUKHO UVVI.
  8064 | D:7      | 8064 ||| Stepping ~*~*~tactically~*~*~ (stealth).
  8066 | D:7      | 8066 ||| Stepping ~*~*~tactically~*~*~ (stealth).
  8067 | D:7      | 8067 ||| Stepping ~*~*~tactically~*~*~ (stealth).
  8110 | D:7      | Found a staircase to the Ecumenical Temple.
  8111 | D:7      | 8111 ||| PLANNING TEMPLE
  8111 | D:7      | 8111 ||| UPGRADING to +0 pair of boots.
  8125 | Temple   | Entered the Ecumenical Temple
  8267 | Temple   | 8267 ||| PLANNING OKAWARU WORSHIP
  8343 | Temple   | Became a worshipper of Warmaster Okawaru
  8344 | Temple   | 8344 ||| PLANNING D:1-11
  8386 | D:7      | 8386 ||| Stepping ~*~*~tactically~*~*~ (stealth).
  8387 | D:7      | 8387 ||| Stepping ~*~*~tactically~*~*~ (stealth).
  8389 | D:7      | 8389 ||| Stepping ~*~*~tactically~*~*~ (hiding).
  8391 | D:7      | 8391 ||| Stepping ~*~*~tactically~*~*~ (hiding).
  8520 | D:7      | Found Julad's General Store.
  8523 | D:7      | 8523 ||| SHOPLISTING +2 ring mail of fire resistance (273
                  | gold, have 21).
  8523 | D:7      | 8523 ||| SHOPLISTING +2 vampiric hand axe (273 gold, have
                  | 21).
  8523 | D:7      | 8523 ||| SHOPLISTING +3 chain mail of cold resistance (344
                  | gold, have 21).
  8523 | D:7      | 8523 ||| SHOPLISTING +4 chain mail of willpower (409 gold,
                  | have 21).
  8523 | D:7      | 8523 ||| SHOPLISTING +6 ring of strength (468 gold, have
                  | 21).
  9105 | D:7      | 9105 ||| READING 7 scrolls of identify.
  9105 | D:7      | 9105 ||| IDENTIFYING silvery potion
  9106 | D:7      | 9106 ||| READING 6 scrolls of identify.
  9106 | D:7      | 9106 ||| IDENTIFYING emerald potion
  9201 | D:8      | 9201 ||| DROPPING +8 whip of the End of Times {antimagic,
                  | Will+ Int+6}.
  9349 | D:8      | 9349 ||| Stepping ~*~*~tactically~*~*~ (stealth).
  9351 | D:8      | 9351 ||| Stepping ~*~*~tactically~*~*~ (stealth).
  9352 | D:8      | 9352 ||| Stepping ~*~*~tactically~*~*~ (hiding).
  9380 | D:8      | Reached * piety under Okawaru
  9381 | D:8      | Reached skill level 11 in Axes
  9381 | D:8      | 9381 ||| INVOKING Heroism.
  9384 | D:8      | Reached skill level 1 in Invocations
  9396 | D:8      | 9396 ||| INVOKING Heroism.
  9629 | D:8      | 9629 ||| INVOKING Heroism.
  9683 | D:8      | Identified the +9 great mace of Kaduare {flame, rCorr SInv}
 10024 | D:8      | 10024 ||| UPGRADING to ring of see invisible.
 10026 | D:8      | 10026 ||| READING scroll labelled JYRCHIBUFIO.
 10032 | D:9      | 10032 ||| INVOKING Heroism.
 10041 | D:9      | Reached skill level 3 in Invocations
 10055 | D:9      | 10055 ||| INVOKING Heroism.
 10072 | D:9      | 10072 ||| INVOKING Heroism.
 10127 | D:9      | Found a staircase to the Lair.
 10263 | D:9      | 10263 ||| Stepping ~*~*~tactically~*~*~ (stealth).
 10267 | D:9      | 10267 ||| INVOKING Heroism.
 10268 | D:9      | 10268 ||| Stepping ~*~*~tactically~*~*~ (stealth).
 10269 | D:9      | 10269 ||| Stepping ~*~*~tactically~*~*~ (stealth).
 10272 | D:9      | 10272 ||| Stepping ~*~*~tactically~*~*~ (stealth).
 10292 | D:9      | Reached skill level 3 in Dodging
 10566 | D:9      | Reached XP level 11. HP: 69/69 MP: 14/14
 10734 | D:9      | 10734 ||| INVOKING Heroism.
 10806 | D:9      | Noticed a two-headed ogre
 10806 | D:9      | Noticed a red ugly thing
 10807 | D:9      | 10807 ||| INVOKING Heroism.
 10814 | D:9      | Noticed a two-headed ogre
 10821 | D:9      | Reached skill level 9 in Fighting
 10821 | D:9      | Killed a red ugly thing
 10821 | D:9      | Reached ** piety under Okawaru
 10823 | D:9      | Killed a two-headed ogre
 10832 | D:9      | Killed a two-headed ogre
 10838 | D:9      | 10838 ||| INVOKING Heroism.
 10843 | D:9      | Reached skill level 12 in Axes
 10847 | D:9      | Reached *** piety under Okawaru
 11176 | D:9      | 11176 ||| PLANNING LAIR
 11176 | D:9      | 11176 ||| UPGRADING to +0 plate armour.
 11186 | D:9      | 11186 ||| DROPPING +0 chain mail.
 11222 | Lair:1   | Entered Level 1 of the Lair of Beasts
 11225 | Lair:1   | 11225 ||| Stepping ~*~*~tactically~*~*~ (stealth).
 11226 | Lair:1   | 11226 ||| Stepping ~*~*~tactically~*~*~ (stealth).
 11227 | Lair:1   | 11227 ||| INVOKING Heroism.
 11314 | Lair:1   | 11314 ||| INVOKING Heroism.
 11322 | Lair:1   | Reached skill level 9 in Armour
 11334 | Lair:1   | Reached **** piety under Okawaru
 11334 | Lair:1   | Received a gift from Okawaru
 11451 | Lair:1   | Noticed an oklob plant
 11452 | Lair:1   | 11452 ||| INVOKING Heroism.
 11453 | Lair:1   | Noticed an oklob plant
 11453 | Lair:1   | Noticed an oklob plant
 11453 | Lair:1   | Noticed an oklob plant
 11453 | Lair:1   | Noticed an oklob plant
 11458 | Lair:1   | Killed from afar by an oklob plant

Levels and vault maps discovered:
D:1:      wander_arrival_desolate, layout_loops_ring,
          hellmonk_ecumenical_altar_leap_of_faith, st_stairs_4,
          chequers_serial_rivers_small_a, minmay_ruptured
D:2:      minmay_recursive_quarters, layout_rooms, minmay_octomino_c4,
          uniq_sigmund
D:3:      corexii_shack_village, layout_loops_ring, nzn_wu_jian_council_hall,
          nicolae_hexahallways, grunt_ministairs_7
D:4:      layout_basic, nicolae_ossuary_entry_giza, hangedman_decor_riveting,
          mrwooster_statue_mirror, uniq_crazy_yiuf_cottage, uniq_menkaure
D:5:      layout_rooms, mainiacjoe_overflow_cross_hatched, minmay_misc_feat_iff,
          uniq_duvessa, uniq_grinder, uniq_ijyb
D:6:      kennysheep_spiral_hall, layout_loops_corners,
          gammafunk_temple_overflow_pools, serial_shops, shop,
          minmay_liquid_box, kennysheep_cluttered_room, minmay_misc_feat_x,
          serial_bayou_ford_a, uniq_maggie
D:7:      layout_gridville, minmay_temple_entry_stoned_glass, serial_shops,
          nicolae_shop_behind_doors, kennysheep_generic_room_9
D:8:      layout_basic, minmay_diced_spiral
D:9:      layout_loops_ring, erik_lair_island, kennysheep_kite_vault
Temple:   mainiacjoe_temple_bowtie_tessellation
Lair:1:   dpeg_oklob_gauntlet, layout_hall_layers, beast_lair_carwin_1

Skill      XL: |  1  2  3  4  5  6  7  8  9 10 11 |
---------------+----------------------------------+-----
Axes           | 2 3 5 6 7 8 10 11 12 | 12.0
Dodging        | 1 2 3 |  3.0
Fighting       | 4 5 6 7 8 9 |  9.0
Armour         | 4 5 7 9 |  9.1
Shields        | 4 5 |  5.9
Throwing       | 1 |  1.5
Invocations    | 4 |  4.6

Action                   |  1- 3 |  4- 6 |  7- 9 | 10-12 || total
-------------------------+-------+-------+-------+-------++-------
Melee: War axe           |   124 |   154 |   384 |   302 ||   964
       Kick              |       |       |    73 |    12 ||    85
Throw: Boomerang         |       |       |     6 |    59 ||    65
Invok: Heroism           |       |       |       |    13 ||    13
  Use: Scroll            |     5 |     4 |    10 |     4 ||    23
       Potion            |       |     3 |     5 |       ||     8
Armor: Scale mail        |    65 |    19 |       |       ||    84
       Chain mail        |       |    73 |   197 |   142 ||   412
       Plate armour      |       |       |       |    24 ||    24
Dodge: Dodged            |    55 |    75 |   132 |   124 ||   386
Block: Buckler           |    25 |    30 |    75 |   192 ||   322
       Reflection        |       |       |       |     4 ||     4

Table legend:
 A = Non-vault XP
 B = Vault XP
 C = Vault XP percentage of total XP
 D = Non-vault monster count
 E = Vault monster count
 F = Vault count percentage of total count
                 A         B        C        D         E       F
            +---------+---------+-------+---------+---------+-------
      Total |    8091 |    8548 |  51.4 |     171 |     120 |  41.2
            +---------+---------+-------+---------+---------+-------
        D:1 |      29 |      10 |  25.6 |      17 |       7 |  29.2
        D:2 |      35 |     264 |  88.3 |      12 |      18 |  60.0
        D:3 |      23 |      28 |  54.9 |      11 |       9 |  45.0
        D:4 |     773 |     185 |  19.3 |      39 |       4 |   9.3
        D:5 |     327 |     528 |  61.8 |      13 |       4 |  23.5
        D:6 |    1532 |     535 |  25.9 |      25 |       5 |  16.7
        D:7 |     415 |      89 |  17.7 |      11 |       2 |  15.4
        D:8 |    1387 |     577 |  29.4 |      16 |       6 |  27.3
        D:9 |     875 |    4543 |  83.9 |      18 |      25 |  58.1
     Lair:1 |    2695 |     606 |  18.4 |       9 |       6 |  40.0
    Ossuary |       0 |    1183 | 100.0 |       0 |      34 | 100.0
            +---------+---------+-------+---------+---------+-------
